 Dungeon Crawl Stone Soup version 0.27-a0-1586-gd5c625afe7 (webtiles) character file.

Game seed: 10909522832587416764

4191 Angani the Schismatic (level 10, 0/73 (86) HPs)
             Began as a Black Draconian Abyssal Knight on July 17, 2021.
             Was an Elder of Lugonu.
             Slain by a wight (3 damage)
             ... on level 7 of the Dungeon on July 18, 2021.
             The game lasted 00:28:51 (10655 turns).

Angani the Schismatic (DrAK)                       Turns: 10655, Time: 00:28:52

HP:   0/73 (86)     AC:  9    Str: 15    XL:     10   Next: 8%
MP:   16/16         EV: 14    Int: 12    God:    Lugonu [****..]
Gold: 228           SH:  0    Dex: 14    Spells: 9/9 levels left

rFire    + + .     SeeInvis .   E - +1 great sword (freeze)
rCold    . . .     Faith    .   (shield currently unavailable)
rNeg     . . .     Spirit   .   (armour unavailable)
rPois    .         Reflect  .   (helmet restricted)
rElec    +         Harm     .   f - +0 cloak
rCorr    .         Rampage  .   h - +0 pair of gloves
Will     .....                  (no boots)
Stlth    +++.......             d - amulet of the acrobat
HPRegen  0.22/turn              t - ring of protection from fire
MPRegen  0.15/turn              r - ring of protection from fire

@: about to teleport, short of breath, heavily drained
A: breathe lightning, AC +7, unfitting armour, electricity resistance,
cold-blooded
a: Breathe Lightning, Renounce Religion, Depart the Abyss, Bend Space, Banish,
Corrupt


You were on level 7 of the Dungeon.
You worshipped Lugonu.
Lugonu was greatly pleased with you.
You visited 1 branch of the dungeon, and saw 8 of its levels.
You visited the Abyss 1 time.

You collected 410 gold pieces.
You spent 182 gold pieces at shops.

Inventory:

Hand Weapons
 c - a +0 dagger of venom
 E - a +1 great sword of freezing (weapon)
Missiles
 b - 194 stones (quivered)
Armour
 f - a +0 cloak (worn)
 h - a +0 pair of gloves (worn)
Jewellery
 d - an amulet of the acrobat (around neck)
 i - a +6 ring of strength
 k - a ring of wizardry
 r - a ring of protection from fire (right hand)
 t - a ring of protection from fire (left hand)
 w - a ring of see invisible
Wands
 a - a wand of acid (7)
 q - a wand of paralysis (6)
 v - a wand of mindburst (24)
 D - a wand of polymorph (13)
 F - a wand of digging (3)
Scrolls
 j - a scroll of immolation
 n - 3 scrolls of enchant weapon
 p - 4 scrolls of vulnerability
 y - 2 scrolls of teleportation
 C - 2 scrolls of identify
Potions
 e - 12 potions of curing
 g - a potion of brilliance
 l - 2 potions of magic {unknown}
 m - a potion of might
 o - a potion of resistance
 s - 2 potions of heal wounds
 u - 2 potions of lignification
 x - a potion of haste {unknown}
 z - a potion of flight {unknown}
 A - a potion of degeneration {unknown}
 B - a potion of cancellation {unknown}


   Skills:
 - Level 7.2 Fighting
 - Level 5.5(6.2) Short Blades
 + Level 4.3(5.6) Long Blades
 - Level 5.6 Dodging
 - Level 5.5 Stealth
 - Level 9.1 Invocations


You had 9 spell levels left.
You didn't know any spells.
Your spell library contained the following spells:

 Spells                   Type           Power      Damage    Failure   Level
 Animate Skeleton         Necr           0%         N/A       32%         1
 Pain                     Necr           0%         1d4       32%         1
 Tukima's Dance           Hex            0%         N/A       69%         3
 Vampiric Draining        Necr           0%         2d6       69%         3
 Passage of Golubria      Tloc           N/A        N/A       97%         4
 Yara's Violent Unravell  Hex/Tmut       0%         3d3       100%        5
 Conjure Ball Lightning   Conj/Air       0%         3x3d6     100%        6
 Discord                  Hex            0%         N/A       100%        8
 Disjunction              Tloc           0%         N/A       100%        8


Dungeon Overview and Level Annotations

Branches:
Dungeon (8/15)             Temple (0/1) D:6
   Lair: D:8-11

Altars:
Cheibriados
Uskayaw
Vehumet
Wu Jian

Shops:
D:4 *   D:5 !

Annotations:
D:6 2 transporters, mora's ghost, novice MfGl


Innate Abilities, Weirdness & Mutations

You can breathe wild blasts of lightning.
Your glossy black scales are hard. (AC +7)
You cannot fit into any form of body armour.
You are resistant to electric shocks. (rElec)
You are cold-blooded and may be slowed by cold attacks.


Message History

Unknown command.
You closely miss the wight. The wight closely misses you.
You riposte.
You closely miss the wight.
The wight hits you with a +2 short sword.
You feel drained.
The wight hits you with a +3 scimitar of freezing.
* * * LOW HITPOINT WARNING * * *
You feel drained.
You feel yourself slow down. The wight freezes you.
* * * LOW HITPOINT WARNING * * *
You hit the wight.
The wight is moderately damaged.
You feel yourself speed up. The wight misses you.
The wight completely misses you.
You riposte.
You barely miss the wight.
The wight is moderately damaged.
The wight hits you with a +2 short sword!
* * * LOW HITPOINT WARNING * * *
You feel drained.
* * * LOW HITPOINT WARNING * * *
The wight closely misses you. The wight barely misses you.
You riposte.
You closely miss the wight.
The wight is lightly damaged.
You hit the wight but do no damage.
The wight is moderately damaged.
The wight closely misses you.
You riposte.
You hit the wight.
The wight is severely damaged.
The wight hits you with a +2 short sword!
* * * LOW HITPOINT WARNING * * *
You feel drained.
Unknown command.
As you read the scroll labelled CULOSTR ANIA, it crumbles to dust.
You feel strangely unstable.
It was a scroll of teleportation.
The wight hits you with a +3 scimitar of freezing.
* * * LOW HITPOINT WARNING * * *
You feel drained.
* * * LOW HITPOINT WARNING * * *
The wight freezes you.
* * * LOW HITPOINT WARNING * * *
The wight hits you with a +2 short sword.
You die...

.##......[...# #.#.#
.##.##....†..# #.#.#
.......##.##.### #.#.#
###.##.##......# #.#.#
#.##.###.#...##########.#.#
#......#.#................#
#..###.#.#.#.#####.########
#..# #.....#.#####.#
##.###.#####.z@z...#
#.....# ######### #######


You could see 2 wights.

Vanquished Creatures
  Pikel (D:4)
  A hornet (D:5)
  Grinder (D:4)
  Eustachio (D:5)
  A steam dragon (D:7)
  Edmund (D:3)
  An acid dragon (D:8)
  2 orc warriors
  4 necrophages
  4 ice beasts
  A centaur (D:8)
  4 ogres
  2 lemures
  A kobold brigand (D:7)
  2 bullfrogs
  A gnoll sergeant (D:8)
  2 scorpions (D:6)
  A killer bee (D:7)
  10 wights
  A howler monkey (D:7)
  4 centaur zombies
  2 hounds
  2 jellies (D:7)
  2 bullfrog skeletons (D:7)
  2 iguanas
  5 orc wizards
  A killer bee zombie (D:7)
  6 adders
  7 gnolls
  A white imp (D:6)
  An ufetubus (D:4)
  4 worms
  A dart slug (D:1)
  15 orcs
  8 ball pythons
  6 endoplasms
  2 giant cockroaches (D:1)
  4 goblins
  11 hobgoblins
  4 jackals (D:5)
  A quokka (D:2)
  6 bats
  3 frilled lizards
  11 kobolds
  4 rats
155 creatures vanquished.

Vanquished Creatures (others)
  A gnoll (D:7)
1 creature vanquished.

Grand Total: 156 creatures vanquished

Notes
Turn   | Place    | Note
-------+----------+-------------------------------------------
     0 | Abyss:1  | Angani the Draconian Abyssal Knight began the quest for the
                  | Orb.
     0 | Abyss:1  | Reached XP level 1. HP: 19/19 MP: 2/2
    53 | Abyss:1  | Noticed a hellwing
    55 | D:1      | Escaped the Abyss
   243 | D:1      | Reached * piety under Lugonu
   733 | D:1      | Reached XP level 2. HP: 26/26 MP: 3/3
   863 | D:1      | Reached skill level 1 in Short Blades
  1140 | D:1      | Reached XP level 3. HP: 31/33 MP: 4/4
  1165 | D:1      | Found a faded altar of an unknown god.
  1948 | D:2      | Upgraded the game from 0.27-a0-1572-gacd6f1ce93 to
                  | 0.27-a0-1586-gd5c625afe7
  2406 | D:2      | Reached ** piety under Lugonu
  2407 | D:2      | Reached XP level 4. HP: 28/41 MP: 5/5
  2650 | D:3      | Found a hide-covered altar of Uskayaw.
  3474 | D:3      | Found an ornate altar of the Wu Jian Council.
  3623 | D:3      | Noticed a bullfrog
  3714 | D:4      | Noticed an ogre
  3845 | D:4      | Noticed Edmund
  3846 | D:4      | Noticed a lemure
  3871 | D:3      | Killed a lemure
  3930 | D:3      | Killed Edmund
  3931 | D:3      | Reached skill level 5 in Fighting
  3931 | D:3      | Reached XP level 5. HP: 20/48 MP: 6/6
  4149 | D:3      | Reached XP level 6. HP: 48/57 MP: 7/7
  4339 | D:4      | Noticed Pikel
  4374 | D:4      | Killed Pikel
  4375 | D:4      | Reached skill level 5 in Short Blades
  4375 | D:4      | Your scales start taking on a glossy black colour.
  4375 | D:4      | Reached XP level 7. HP: 11/66 MP: 8/8
  4375 | D:4      | Gained mutation: You are resistant to electric shocks.
                  | (rElec) [Black Draconian growth]
  4864 | D:4      | Reached skill level 1 in Stealth
  5134 | D:4      | Found Ewang's Gadget Gallery.
  5293 | D:4      | Noticed Grinder
  5306 | D:4      | Reached skill level 3 in Invocations
  5307 | D:4      | Paralysed by Grinder for 5 turns
  5322 | D:4      | Paralysed by Grinder for 4 turns
  5327 | D:4      | Paralysed by Grinder for 3 turns
  5333 | D:4      | Paralysed by a hobgoblin for 6 turns
  5344 | D:4      | Killed Grinder
  5345 | D:4      | Reached XP level 8. HP: 34/73 MP: 10/10
  5579 | D:4      | Found Gukaceysupi's General Store.
  5749 | D:4      | Reached skill level 4 in Invocations
  5938 | D:5      | Entered Level 5 of the Dungeon
  6162 | D:5      | Reached skill level 5 in Invocations
  6411 | D:5      | Found Haafuy's Distillery.
  6419 | D:5      | Bought a potion of heal wounds for 65 gold pieces
  6419 | D:5      | Bought a potion of lignification for 39 gold pieces
  6419 | D:5      | Bought 2 potions of curing for 78 gold pieces
  6456 | D:5      | Noticed Eustachio
  6476 | D:5      | Reached *** piety under Lugonu
  6487 | D:5      | Killed Eustachio
  6488 | D:5      | Reached skill level 6 in Invocations
  6616 | D:5      | Noticed a hornet
  6620 | D:5      | Killed a hornet
  6710 | D:5      | Reached XP level 9. HP: 69/79 MP: 13/13
  6838 | D:6      | Noticed mora's ghost (novice MfGl)
  6838 | D:6      | Found a transporter.
  6851 | D:6      | Found a transporter.
  7071 | D:6      | Found a staircase to the Ecumenical Temple.
  7120 | D:6      | Reached skill level 7 in Invocations
  7922 | D:7      | Reached skill level 5 in Dodging
  8115 | D:7      | Reached skill level 8 in Invocations
  8396 | D:7      | Reached skill level 5 in Stealth
  9373 | D:7      | Reached skill level 9 in Invocations
  9889 | D:7      | Reached **** piety under Lugonu
 10228 | D:8      | Reached XP level 10. HP: 76/81 MP: 16/16
 10291 | D:8      | Noticed a manticore
 10293 | D:8      | Found a snail-covered altar of Cheibriados.
 10330 | D:8      | Found a radiant altar of Vehumet.
 10655 | D:7      | HP: 3/73 [wight (1)]
 10655 | D:7      | Slain by a wight

Illustrated notes

Levels and vault maps discovered:
D:1:      heliophobic_arrival_ceremonial_halls, layout_rooms,
          basic_ecumenical_altar
D:2:      layout_loops_corners
D:3:      layout_basic, nicolae_uskayaw_dance_hall,
          nicolae_wu_jian_immortal_techniques
D:4:      layout_loops_corners, serial_shops, shop_statue, nicolae_shop_gadgets,
          uniq_edmund, uniq_grinder, uniq_pikel
D:5:      layout_rooms, serial_shops, shop, minmay_a_box_with_orc_wizards_in_it,
          uniq_eustachio
D:6:      layout_loops_cross, minmay_temple_entry_arrows,
          gammafunk_ghost_mausoleum
D:7:      layout_loops_ring, minmay_alternating_orb
D:8:      layout_gridville, mainiacjoe_overflow_small_starburst,
          cheibriados_altar_2, mainiacjoe_overflow_tiny_flanked

Skill      XL: |  1  2  3  4  5  6  7  8  9 10 |
---------------+-------------------------------+-----
Short Blades   | 1 2 3 5 |  5.5
Fighting       | 4 5 7 |  7.2
Stealth        | 1 3 5 |  5.5
Invocations    | 3 6 9 |  9.1
Dodging        | 4 5 |  5.6
Long Blades    | 3 4 |  4.3

Action                   |  1- 3 |  4- 6 |  7- 9 | 10-12 || total
-------------------------+-------+-------+-------+-------++-------
Melee: Dagger            |   154 |   113 |   278 |       ||   545
       Falchion          |     8 |       |   161 |       ||   169
       Tailslap          |    19 |    18 |    82 |     3 ||   122
       Great sword       |       |       |    12 |    19 ||    31
Throw: Stone             |    16 |       |     3 |       ||    19
Invok: Depart the Abyss  |     1 |       |       |       ||     1
       Bend Space        |       |       |     1 |       ||     1
 Abil: Breathe Lightning |       |       |    17 |     2 ||    19
  Use: Scroll            |       |       |     6 |     1 ||     7
       Potion            |       |       |     1 |       ||     1
 Stab: Sleeping          |       |       |     4 |     1 ||     5
       Distracted        |       |       |     3 |       ||     3
Armor: Skin              |    38 |    24 |   176 |     9 ||   247
Dodge: Dodged            |   122 |    62 |   349 |    31 ||   564
       Rpst.: Falchion   |     5 |       |    24 |       ||    29
       Great sword       |       |       |     5 |     8 ||    13

Table legend: (Time is in decaauts)
 A = Elapsed time spent in this place.
 B = Non-inter-level travel time spent in this place.
 C = Inter-level travel time spent in this place.
 D = Time resting spent in this place.
 E = Time spent auto-exploring this place.
 F = Levels seen in this place.
 G = Mean time per level.
                   A        B        C        D        E       F      G
               +--------+--------+--------+--------+--------+-----+--------+
         Total |  10579 |  10309 |    270 |   3737 |   3796 |   9 | 1175.4 |
       Dungeon |  10524 |  10254 |    270 |   3737 |   3796 |   8 | 1315.5 |
         Abyss |     55 |     55 |      0 |      0 |      0 |   1 |   55.0 |
               +--------+--------+--------+--------+--------+-----+--------+

Top non-repeatable levels by time:
     D:6: 1832 daAuts
     D:4: 1793 daAuts
     D:7: 1626 daAuts
     D:3: 1540 daAuts
     D:1: 1394 daAuts
     D:2: 1118 daAuts
     D:5: 883 daAuts
     D:8: 334 daAuts
 Abyss:1: 55 daAuts
